 Dungeon Crawl Stone Soup version 0.32-a0-868-g153ae1a8d6 (webtiles) character file.

Game seed: 2034040697373018250

64 bronco the Trooper (level 3, -1/33 HPs)
             Began as a Mountain Dwarf Fighter on Mar 28, 2024.
             Slain by a cerulean imp
             ... wielding a +0 spear
             ... summoned by Natasha
              (2 damage)
             ... on level 2 of the Dungeon.
             The game lasted 00:03:18 (984 turns).

bronco the Trooper (Mountain Dwarf Fighter)          Turns: 984, Time: 00:03:19

Health: -1/33      AC:  7    Str: 20    XL:     3   Next: 91%
Magic:  3/3        EV:  8    Int:  8    God:
Gold:   60         SH:  4    Dex:  9    Spells: 2/2 levels left

rFire   . . .        a - +0 war axe
rCold   . . .        c - +0 buckler
rNeg    . . .        b - +0 scale mail
rPois   .            (no helmet)
rElec   .            (no cloak)
rCorr   .            (no gloves)
SInv    .            (no boots)
Will    .....        (no amulet) Stlth
                     (no ring)
HPRegen 0.25/turn    (no ring)
MPRegen 0.08/turn

%: no passive effects
@: mighty
A: runic magic, artefact enchanting
a: no special abilities


You were on level 2 of the Dungeon.
You visited 1 branch of the dungeon, and saw 2 of its levels.

You collected 60 gold pieces.

Inventory:

Hand Weapons
 a - a +0 war axe (weapon)
Missiles
 i - 5 stones (quivered)
 j - 8 boomerangs
Armour
 b - a +0 scale mail (worn)
 c - a +0 buckler (worn)
Jewellery
 g - an amulet of magic regeneration
Scrolls
 e - a scroll of blinking {unknown}
 f - 2 scrolls of enchant armour {unknown}
 h - 2 scrolls of identify {unknown}
Potions
 k - 2 potions of resistance {unknown}
 l - a potion of heal wounds {unknown}
 m - 2 potions of curing {unknown}


   Skills:
 + Level 4.0 Fighting
 + Level 3.8 Axes
 + Level 4.0 Armour
 - Level 3.2 Shields


You had 2 spell levels left.
You didn't know any spells.
Your spell library contained the following spells:

 Spells                   Type           Power      Damage    Failure   Level
 Freeze                   Ice            0%         1d3       56%         1
 Frozen Ramparts          Ice            0%         1d1       91%         3
 Hailstorm                Conj/Ice       0%         3d5       91%         3
 Cause Fear               Hex            0%         N/A       100%        4
 Fireball                 Conj/Fire      0%         3d3       100%        5
 Dragon's Call            Summ           0%         N/A       100%        9


Dungeon Overview and Level Annotations

Branches:
Dungeon (2/15)

Altars:

Annotations:
D:2 Natasha


Innate Abilities, Weirdness & Mutations

Your spellcasting is much less encumbered by armour.
You can use scrolls of enchantment on lesser artefacts.


Message History

You closely miss the cerulean imp. Natasha claws you but does no damage.
The cerulean imp hits you with a +0 spear.
The cerulean imp hits you but does no damage.
You block Natasha's attack. You block the cerulean imp's attack.
You barely miss Natasha.
Natasha is moderately wounded.
You closely miss the cerulean imp. You block the cerulean imp's attack.
Natasha claws you but does no damage.
The cerulean imp hits you with a +0 spear.
You closely miss Natasha.
Natasha is moderately wounded.
You closely miss the cerulean imp.
The cerulean imp hits you but does no damage.
Natasha claws you.
The cerulean imp hits you with a +0 spear.
The cerulean imp completely misses you. You block Natasha's attack.
Unknown command.
Unknown command.
You hit Natasha.
Natasha is severely wounded.
You closely miss the cerulean imp. You block the cerulean imp's attack.
The cerulean imp hits you but does no damage.
Natasha claws you but does no damage.
The cerulean imp hits you with a +0 spear.
* * * LOW HITPOINT WARNING * * *
Unknown command.
You hit Natasha but do no damage.
Natasha is severely wounded.
You barely miss the cerulean imp. The cerulean imp completely misses you.
Natasha claws you but does no damage.
The cerulean imp hits you with a +0 spear.
* * * LOW HITPOINT WARNING * * *
The cerulean imp hits you from afar with a +1 spear.
* * * LOW HITPOINT WARNING * * *
Unknown command.
You feel very mighty all of a sudden. Natasha claws you.
* * * LOW HITPOINT WARNING * * *
The cerulean imp hits you with a +0 spear.
You die...

##### #.@5#
##.#h55#
#..###.....
#.## ##.##
#####.##.......
#........# #
#.###.####
#.##..# #
#..#.## #.#


You could see Natasha and 3 cerulean imps.

Vanquished Creatures
  An adder (D:2)
  A dart slug (D:1)
  A ribbon worm (D:2)
  2 endoplasms
  3 giant cockroaches (D:1)
  3 hobgoblins (D:1)
  8 jackals (D:1)
  3 quokkas
  7 ball pythons (D:1)
  A bat (D:1)
  2 frilled lizards (D:1)
  4 goblins
  3 kobolds (D:1)
  8 rats
47 creatures vanquished.

Notes
Turn   | Place    | Note
-------+----------+-------------------------------------------
     0 | D:1      | bronco the Mountain Dwarf Fighter began the quest for the
                  | Orb.
     0 | D:1      | Reached XP level 1. HP: 19/19 MP: 1/1
    53 | D:1      | Reached XP level 2. HP: 21/26 MP: 2/2
   307 | D:1      | Reached XP level 3. HP: 32/33 MP: 3/3
   970 | D:2      | Noticed Natasha
   984 | D:2      | HP: 1/33 [Natasha (2)]
   984 | D:2      | Slain by a cerulean imp

Illustrated notes

Levels and vault maps discovered:
D:1:      dpeg_arrival_pits, layout_basic, serial_bayou_lagoon_b
D:2:      layout_rooms, grunt_ministairs_5, nicolae_the_louvre, uniq_natasha

Skill      XL: |  1  2  3 |
---------------+----------+-----
Axes           | 3 |  3.8
Fighting       | 4 |  4.0
Armour         | 4 |  4.0
Shields        | |  3.2

Action                     || total
---------------------------++-------
  Melee: War axe           ||   119
    Use: Potion            ||     1
 Armour: Scale mail        ||   118
  Dodge: Dodged            ||    48
  Block: Buckler           ||    29

Table legend: (Time is in decaauts)
 A = Elapsed time spent in this place.
 B = Non-inter-level travel time spent in this place.
 C = Inter-level travel time spent in this place.
 D = Time resting spent in this place.
 E = Time spent auto-exploring this place.
 F = Levels seen in this place.
 G = Mean time per level.
                   A        B        C        D        E       F      G
               +--------+--------+--------+--------+--------+-----+--------+
         Total |   1047 |   1041 |      6 |      0 |    762 |   2 |  523.5 |
       Dungeon |   1047 |   1041 |      6 |      0 |    762 |   2 |  523.5 |
               +--------+--------+--------+--------+--------+-----+--------+

Top non-repeatable levels by time:
     D:1: 885 daAuts
     D:2: 161 daAuts
